 Dungeon Crawl Stone Soup version 0.21-a0-404-g291f19a (webtiles) character file.

121 Insomnius the Covert (level 4, 0/33 HPs)
             Began as a Vampire Assassin on Oct 30, 2017.
             Slain by a gnoll
             ... wielding a +0 halberd
              (12 damage)
             ... on level 3 of the Dungeon.
             The game lasted 00:09:42 (1874 turns).

Insomnius the Covert (Vampire Assassin)             Turns: 1874, Time: 00:09:43

Health: 0/33       AC:  4    Str: 10    XL:     4   Next: 76%
Magic:  4/4        EV: 12    Int: 13    God:
Gold:   141        SH:  0    Dex: 16    Spells: 3/3 levels left

rFire    . . .     SeeInvis +   a - +2 dagger
rCold    . . .     Gourm    .   (no shield)
rNeg     . . .     Faith    .   f - +0 leather armour
rPois    .         Spirit   .   (no helmet)
rElec    .         Reflect  .   d - +0 cloak
rCorr    .         Harm     .   (no gloves)
MR       .....                  (no boots)
Stlth    ++++......             (no amulet)
HPRegen  0.31/turn              (no ring)
MPRegen  0.09/turn              (no ring)

@: regenerating quickly
A: fangs 3, see invisible, unbreathing
a: no special abilities


You were on level 3 of the Dungeon.
You were very full.

You visited 1 branch of the dungeon, and saw 3 of its levels.

You collected 141 gold pieces.

Inventory:

Hand Weapons
 a - a +2 dagger (weapon)
Armour
 c - a +0 robe
 d - a +0 cloak (worn)
 f - a +0 leather armour (worn)
Jewellery
 b - a +5 amulet of reflection {unknown}
Scrolls
 h - 2 scrolls of enchant armour {unknown}
 i - 3 scrolls of amnesia {unknown}
 j - 4 scrolls of remove curse {unknown}
 l - a scroll of teleportation {unknown}
 m - a scroll of fear {unknown}
 n - a scroll of identify {unknown}
Potions
 e - a potion of might {unknown}
 g - 9 potions of blood
 k - a potion of haste {unknown}
 o - a potion of ambrosia {unknown}


   Skills:
 + Level 2.1 Fighting
 + Level 3.0 Short Blades
 + Level 1.6 Throwing
 + Level 1.7 Dodging
 + Level 8.3 Stealth


You had 3 spell levels left.
You didn't know any spells.

Dungeon Overview and Level Annotations

Branches:
Dungeon (3/15)

Altars:


Innate Abilities, Weirdness & Mutations

Your natural rate of healing is unusually fast.
You have razor-sharp teeth.
You have supernaturally acute eyesight. (SInv)
You can survive without breathing.


Message History

The gnoll barely misses you. The gnoll closely misses you.
You hit the gnoll but do no damage. You bite the gnoll, but do no damage.
You hit the gnoll but do no damage. You bite the gnoll, but do no damage.
The gnoll hits you with a halberd.
You hit the gnoll.
The gnoll is moderately wounded.
The gnoll closely misses you.
You hit the gnoll.
The gnoll is heavily wounded.
The gnoll barely misses you.
You hit the gnoll but do no damage. You bite the gnoll.
The gnoll is heavily wounded.
You closely miss the gnoll.
The gnoll is heavily wounded.
The gnoll closely misses you.
You hit the gnoll.
The gnoll is severely wounded.
The gnoll hits you with a halberd!
You die...

#.#.#..#..####.###.#
# #.#.#..#.....#.# #
#......##.##.#.#
#.###..##.##.#.###
#.###..#.....#....
.#................#
#.......)..........#
...................
##########.@..>##
###g### #.# #.# ..#
..# .g.# .g.. ##.##


You could see a gnoll.

Vanquished Creatures
  A gnoll (D:3)
  5 adders
  3 oozes
  2 worms
  A dart slug (D:2)
  A leopard gecko (D:2)
  An orc (D:3)
  A ball python (D:2)
  6 goblins
  4 hobgoblins
  A quokka (D:3)
  4 bats
  3 frilled lizards
  9 kobolds
  6 rats
48 creatures vanquished.

Notes
Turn   | Place    | Note
-------+----------+-------------------------------------------
     0 | D:1      | Insomnius the Vampire Assassin began the quest for the Orb.
     0 | D:1      | Reached XP level 1. HP: 16/16 MP: 1/1
    28 | D:1      | Reached skill level 6 in Stealth
   126 | D:1      | Reached XP level 2. HP: 22/22 MP: 2/2
   892 | D:2      | Reached XP level 3. HP: 27/27 MP: 3/3
   898 | D:2      | Reached skill level 7 in Stealth
  1089 | D:2      | You fall through a shaft!
  1245 | D:2      | Reached XP level 4. HP: 33/33 MP: 4/4
  1408 | D:2      | Reached skill level 8 in Stealth
  1874 | D:3      | Slain by a gnoll

Vault maps used:
D:1:      evilmike_arrival_run_for_it, due_unseen_surprise
D:3:      first_bread

Skill      XL: |  1  2  3  4 |
---------------+-------------+-----
Stealth        | 6 7 8 |  8.3
Fighting       | 2 |  2.1
Short Blades   | 3 |  3.0
Throwing       | |  1.6
Dodging        | |  1.7

Action                   |  1- 3 |  4- 6 || total
-------------------------+-------+-------++-------
Melee: Dagger            |    97 |    51 ||   148
       Bite              |     3 |     4 ||     7
 Stab: Sleeping          |     7 |     6 ||    13
  Eat: Corpse            |    11 |     3 ||    14
Armor: Robe              |    25 |     3 ||    28
       Leather armour    |       |     1 ||     1
Dodge: Dodged            |    50 |    37 ||    87

Table legend:
 A = Spawn XP
 B = Non-spawn XP
 C = Spawn XP percentage of total XP
 D = Spawn monster count
 E = Non-spawn monster count
 F = Spawn count percentage of total count
 G = Total turns spent on level
                    A         B        C        D         E        F      G
               +---------+---------+-------+---------+---------+-------+---------
         Total |       0 |     173 |   0.0 |       0 |      48 |   0.0 |  1874
               +---------+---------+-------+---------+---------+-------+---------
           D:1 |       0 |      40 |   0.0 |       0 |      22 |   0.0 |   882
           D:2 |       0 |      70 |   0.0 |       0 |      18 |   0.0 |   745
           D:3 |       0 |      63 |   0.0 |       0 |       8 |   0.0 |   247
               +---------+---------+-------+---------+---------+-------+---------
